Workbook
Name evaprueba: PRESUPUESTO!$B$17:$H$218
Name evaprueba2: PRESUPUESTO!$A:$I
Name plantilla_portada_general: PRESUPUESTO!$A:$I
Name Print_Area: PRESUPUESTO!$A:$I

Sheet PORTADA
B50: FECHA: | C50: =PRESUPUESTO!G21 -> 45260
B54: =PRESUPUESTO!E23 -> Nombre del cliente

Sheet PRESUPUESTO
J1: =W17 -> 0.84
K2: ÍNDICES PILOTO-DECISORES QUE DIRIGEN ESTA HOJA DE CÁLCULO PARA CONFECCIÓN DE UN PRESUPUESTO | AH2: CALCULO PARA SITUAR EL PRECIO DE COSTE DEL TUBO DE ACERO | AX2: Razón
W3: 0.62 | X3: 0.02 | AH3: MATERIAL TUBO ACERO NEGRO | AL3: Se trata de calcular una Razón Exponencial que considere el aumento geométrico según sea mayor | AW3: 1.4 | AX3: 0.2
W4: ÍNDICES PARA EL BENEFICIO | AB4: TIEMPOS DE EJECUCIÓN EN ESTE PRESUPUESTO | AH4: TUBO PINTADO, precio de coste de cada metro | AI4: Se le sumarán unos complementos u otros, en función del tipo de tubo | AL4: Tabla para el Precio Coste instación Tubo Acero Negro: minutos/m y luego euros/m | AQ4: 326 €/465'= 0,701 €/min | AR4: Precios marcados a nivel interno LASSER, en función de precios de Subcontrata | AU4: 1 | AW4: 2 | AX4: =POWER($AV$3,AW4) -> 0
J5: ç | K5: Horas/día completo | N5: 8 | O5: Pasa a produc- tivo. | P5: 0.02 | Q5: Horas productiv/día | T5: 7.7 | W5: Ya establecido el Beneficio, aún es posible realizar un ajuste fino. | AB5: =S115 -> 0 | AI5: 0.1 | AJ5: 0.05 | AK5: 0.11 | AN5: Razón = r | AP5: Minutos por 1 día de trabajo | AQ5: 0,701 € = 1 minuto | AU5: 1.25 | AV5: =AW3+AX3 -> 1.6 | AW5: =AW4+$AW$3 -> 3.4 | AX5: =POWER($AV$3,AW5) -> 0
K6: Minutos/día completo | N6: =6*N5 -> 48 | P6: =N5*(1-P5) -> 7.84 | Q6: Minut productiv/día | T6: =T5*60 -> 462 | W6: 0.62 | X6: Actuar con Desplegables es un paso previo antes de fijar el Índice Multiplicador para el Beneficio. | Y6: ACTUAR CON ÍNDICE FIJO | AB6: Transformación de euros en Tiempo | AI6: Soportes Velas Varillas Tornillos Tacos | AJ6: Soldadura, Roscado y repintado | AK6: Ranurado tipo Vitaulic | AL6: 1" = 25,4 mm | AU6: 1.5 | AV6: =AV5+AW4 -> 3.6 | AW6: =AW5+$AW$3 -> 4.8 | AX6: =POWER($AV$3,AW6) -> 0
K7: Este panel enrrejado son los elementos decisores usados en el 2020, y se han guardado aquí por si hubiese algo que aclarar sobre algún estudio o Psto del 2020. | W7: =W6+$X$3 -> 0.64 | AK7: Coste acoplam y preparar ranurados" | AL7: Ø | AN7: 2.5 | AP7: =U6 -> 0 | AQ7: 0.701 | AU7: 1.75 | AV7: =AV6+AW5 -> 7 | AW7: =AW6+$AW$3 -> 6.2 | AX7: =POWER($AV$3,AW7) -> 0
K8: COSTE HORA/PAREJA | P8: 2020 | Q8: Relación pareja/minuto/€uro 2020 | W8: =W7+$X$3 -> 0.66 | AB8: Min/ hombre | AD8: =(AB5*T17*2) -> 0 | AL8: (pulgadas) | AM8: DN | AN8: metros/día 1 pareja | AO8: r | AP8: Minutos cada metro 1 pareja | AQ8: P.Coste Instalación Euros/m. | AR8: Precio Coste Instalación Euros/m. | AT8: Diferencia s/coste | AU8: 2 | AV8: =AV7+AW6 -> 11.8 | AW8: =AW7+$AW$3 -> 7.6 | AX8: =POWER($AV$3,AW8) -> 0
K9: 1 | L9: Oficial 1ª | N9: 18.87 | P9: =N9+N10+N11 -> 40 | Q9: Coste día/pareja | T9: =T5*P9 -> 308 | W9: =W8+$X$3 -> 0.68 | Y9: =1-Z9 -> 0.68 | Z9: 0.32 | AB9: Hors/hombre | AD9: =AD8/60 -> 0 | AH9: BASE | AI9: BASE+10% | AJ9: BASE+10+8% | AK9: BASE+10+12% | AU9: 2.25 | AV9: =AV8+AW7 -> 18 | AW9: =AW8+$AW$3 -> 9 | AX9: =POWER($AV$3,AW9) -> 0
K10: 1 | L10: Oficial 2ª | M10: 1 | N10: 16.73 | Q10: Coste minuto/pareja | T10: =T9/T6 -> 0.66666667 | W10: =W9+$X$3 -> 0.7 | Y10: =1-Z10 -> 0.85 | Z10: 0.15 | AB10: Horas/pareja | AD10: =AD9/2 -> 0 | AH10: 3.38 | AI10: =AH10*$AH$5+AH10 -> 3.38 | AJ10: =AI10+AH10*$AI$5 -> 3.718 | AK10: =AI10+AH10*$AJ$5 -> 3.549 | AL10: 1" | AM10: 25 | AN10: 54 | AO10: =AX4 -> 0 | AP10: =$AO$7/AN10 -> 0 | AQ10: =$AP$7*AP10 -> 0 | AR10: 10 | AT10: =AR10-AQ10 -> 10 | AU10: 2.5 | AV10: =AV9+AW8 -> 25.6 | AW10: =AW9+$AW$3 -> 10.4 | AX10: =POWER($AV$3,AW10) -> 0
K11: ¼ | L11: Encargado | M11: ¼ | N11: =22/5 -> 4.4 | Q11: Relación minuto/€uro | T11: =1/T10 -> 1.5 | W11: =W10+$X$3 -> 0.72 | AB11: Días/pareja | AD11: =AD10/T5 -> 0 | AH11: 3.92 | AI11: =AH11*$AH$5+AH11 -> 3.92 | AJ11: =AI11+AH11*$AI$5 -> 4.312 | AK11: =AI11+AH11*$AJ$5 -> 4.116 | AL11: 1 1/4" | AM11: 32 | AN11: =AN10-AX5 -> 54 | AO11: =AX5 -> 0 | AP11: =$AO$7/AN11 -> 0 | AQ11: =$AP$7*AP11 -> 0 | AR11: 10.5 | AT11: =AR11-AQ11 -> 10.5 | AU11: 0 | AV11: =AV10+AW9 -> 34.6 | AW11: =AW10+$AW$3 -> 11.8 | AX11: =POWER($AV$3,AW11) -> 0
B12: ESTE DOCUMENTO ES UN PRESUPUESTO DEL DPTO DE INGENIERÍA DE PROYECTOS Y TIENE CARÁCTER CONFIDENCIAL Y RESTRINGIDO PARA LA DIRECCIÓN DEL GRUPO LASSER | W12: =W11+$X$3 -> 0.74 | AB12: Semanas/pareja | AD12: =AD11/5 -> 0 | AH12: 4.29 | AI12: =AH12*$AH$5+AH12 -> 4.29 | AJ12: =AI12+AH12*$AI$5 -> 4.719 | AK12: =AI12+AH12*$AJ$5 -> 4.5045 | AL12: 1 1/2" | AM12: 38 | AN12: =AN11-AX6 -> 54 | AO12: =AX6 -> 0 | AP12: =$AO$7/AN12 -> 0 | AQ12: =$AP$7*AP12 -> 0 | AR12: 11 | AT12: =AR12-AQ12 -> 11 | AU12: 3 | AV12: =AV11+AW10 -> 45 | AW12: =AW11+$AW$3 -> 13.2 | AX12: =POWER($AV$3,AW12) -> 0
K13: IPC Subida Salarios/pluses = 2,2% | P13: 1.022 | Q13: Relación pareja/minuto/€uro 2021 | W13: =W12+$X$3 -> 0.76 | AB13: Meses/pareja | AD13: =AD11/21 -> 0 | AH13: 5.48 | AI13: =AH13*$AH$5+AH13 -> 5.48 | AJ13: =AI13+AH13*$AI$5 -> 6.028 | AK13: =AI13+AH13*$AJ$5 -> 5.754 | AL13: 2" | AM13: 50 | AN13: =AN12-AX8 -> 54 | AO13: =AX8 -> 0 | AP13: =$AO$7/AN13 -> 0 | AQ13: =$AP$7*AP13 -> 0 | AR13: 12 | AT13: =AR13-AQ13 -> 12 | AU13: 3.25 | AV13: =AV12+AW11 -> 56.8 | AW13: =AW12+$AW$3 -> 14.6 | AX13: =POWER($AV$3,AW13) -> 0
K14: COSTE HORA/PAREJA | P14: 2021 | W14: =W13+$X$3 -> 0.78 | Y14: =1-Z14 -> 0.74 | Z14: 0.26 | AB14: Meses/2 parej | AD14: =AD13/2 -> 0 | AH14: 6.93 | AI14: =AH14*$AH$5+AH14 -> 6.93 | AJ14: =AI14+AH14*$AI$5 -> 7.623 | AK14: =AI14+AH14*$AJ$5 -> 7.2765 | AL14: 2 1/2" | AM14: 63 | AN14: =AN13-AX10 -> 54 | AO14: =AX8 -> 0 | AP14: =$AO$7/AN14 -> 0 | AQ14: =$AP$7*AP14 -> 0 | AR14: 12.5 | AT14: =AR14-AQ14 -> 12.5 | AU14: 3.5 | AV14: =AV13+AW12 -> 70 | AW14: =AW13+$AW$3 -> 16 | AX14: =POWER($AV$3,AW14) -> 0
B15: UTILIZAR ESTA LÍNEA DISCONTINUA PARA MARCAR EL ÁREA DE IMPRESIÓN | K15: 1 | L15: Oficial 1ª | N15: =N9*P13 -> 19.28514 | P15: 48 | Q15: Coste día/pareja | T15: =T5*P15 -> 369.6 | W15: =W14+$X$3 -> 0.8 | Y15: =1-Z15 -> 0.85 | Z15: 0.15 | AB15: Meses/3 parej | AD15: =AD13/3 -> 0 | AH15: 8.84 | AI15: =AH15*$AH$5+AH15 -> 8.84 | AJ15: =AI15+AH15*$AI$5 -> 9.724 | AK15: =AI15+AH15*$AJ$5 -> 9.282 | AL15: 3" | AM15: 76 | AN15: =AN14-AX12 -> 54 | AO15: =AO14+0.35 -> 0.35 | AP15: =$AO$7/AN15 -> 0 | AQ15: =$AP$7*AP15 -> 0 | AR15: 13 | AT15: =AR15-AQ15 -> 13 | AU15: 3.75 | AV15: =AV14+AW13 -> 84.6 | AW15: =AW14+$AW$3 -> 17.4 | AX15: =POWER($AV$3,AW15) -> 0
K16: 1 | L16: Oficial 2ª | M16: 1 | N16: =N10*P13 -> 17.09806 | Q16: Coste minuto/pareja | T16: =T15/T6 -> 0.8 | W16: =W15+$X$3 -> 0.82 | AB16: Meses/4 parej | AD16: =AD13/4 -> 0 | AH16: 12.76 | AI16: =AH16*$AH$5+AH16 -> 12.76 | AJ16: =AI16+AH16*$AI$5 -> 14.036 | AK16: =AI16+AH16*$AJ$5 -> 13.398 | AL16: 4" | AM16: 100 | AN16: =AN15-AO15 -> 53.65 | AO16: =AO15+0.7 -> 1.05 | AP16: =$AO$7/AN16 -> 0 | AQ16: =$AP$7*AP16 -> 0 | AR16: 14 | AT16: =AR16-AQ16 -> 14 | AU16: 4 | AV16: =AV15+AW14 -> 100.6 | AW16: =AW15+$AW$3 -> 18.8 | AX16: =POWER($AV$3,AW16) -> 0
K17: ¼ | L17: Encargado | M17: ¼ | N17: =22/4*P13 -> 5.621 | Q17: Relación minuto/€uro | T17: =1/T16 -> 1.25 | W17: =W16+$X$3 -> 0.84
AJ18: Coste M. Obra | AL18: =#REF! -> #REF!
K19: NOTAS: | M19: Marcamos con este color violeta aquellas cifras importantes que operan como directores de los resultados finales.
M20: Solamente escribiremos en celdas de color. Y no escribiremos sobre celdas blancas pues tienen fórmulas.
B21: PRESUPUESTO TÍTULO: | E21: ELECTRICIDAD | F21: FECHA | G21: 45260 | M21: Los índices de la columna verde (porcentajes para el Beneficio sobre P.Venta) podrán ser variados, así como su cadencia. | AH21: MANO DE OBRA DE INSTALACIÓN DE DIVERSOS MATERIALES
B23: CLIENTE: | E23: Nombre del cliente | K23: Fiel repetición de como van quedando los resultados finales durante la confección de la oferta. | AH23: MANO DE OBRA DE INSTALACIÓN DE 1 PAREJA DE TÉCNICOS
B24: DIRECCIÓN: | E24: Dirección del cliente | M24: =M118 -> 0 | P24: =P118 -> 0 | S24: =S118 -> 0 | W24: =W118 -> 0 | AA24: =AA118 -> 0 | AC24: =AC118 -> 0 | AE24: =AE118 -> #DIV/0! | AI24: TUBO, incluido accesorios | AP24: CABLES Y MANGUERAS, sin incluir tiempo de conectores, grimpado, fusionado, etc.
AH25: TIPO | AI25: PVC Flex M20 | AJ25: PVC Flex M32 | AK25: PVC rígido M20 | AL25: PVC ríg M32 | AM25: Acero M20 | AN25: Acero M32 | AP25: Cable 2x1,5 y 4+2 | AQ25: FTP-Cat.6 y 2x2x0,5 | AR25: RZK 3x1,5 | AS25: RZK 3x2,5 | AT25: RG-6 y 8+2 | AU25: Rg-11 | AV25: Tfno 2 pares | AX25: Tfno 12p. | AY25: Tfno 25p. | AZ25: Fibra 4 F.O. | BA25: Fibra 8 F.O. | BB25: Fibra 12 F.O.
B26: TRABAJOS OFERTADOS: | E26: SUMINISTRO E INSTALACIÓN DE MATERIALES DE ELECTRICIDAD | F26: OFERTA Nº | G26: LX-XXX-23 | K26: PRECIOS DE COSTE | AC26: BENEFICIO | AH26: m/día | AI26: 140 | AJ26: 128 | AK26: 94 | AL26: 84 | AM26: 79 | AN26: 72 | AP26: 780 | AQ26: 840 | AR26: 680 | AS26: 640 | AT26: 700 | AU26: 580 | AV26: 750 | AX26: 540 | AY26: 400 | AZ26: 700 | BA26: 640 | BB26: 560
B27: UBICACIÓN OBRA: | F27: Revisión | G27: Rev.00 | K27: Equipos y materiales | O27: Mano de Obra de Instalación y Puesta en Marcha) (1 pareja de técnicos) | U27: Suma Costes (Amarillo + Azul oscuro) | Y27: Precio de Venta Costes amarillo/A% + Costes azul/B% | AC27: Beneficio Bruto Esperado | AH27: min/m. | AI27: =$T$6/AI26 -> 3.3 | AJ27: =$T$6/AJ26 -> 3.609375 | AK27: =$T$6/AK26 -> 4.9148936 | AL27: =$T$6/AL26 -> 5.5 | AM27: =$T$6/AM26 -> 5.8481013 | AN27: =$T$6/AN26 -> 6.4166667 | AP27: =$T$6/AP26 -> 0.59230769 | AQ27: =$T$6/AQ26 -> 0.55 | AR27: =$T$6/AR26 -> 0.67941176 | AS27: =$T$6/AS26 -> 0.721875 | AT27: =$T$6/AT26 -> 0.66 | AU27: =$T$6/AU26 -> 0.79655172 | AV27: =$T$6/AV26 -> 0.616 | AX27: =$T$6/AX26 -> 0.85555556 | AY27: =$T$6/AY26 -> 1.155 | AZ27: =$T$6/AZ26 -> 0.66 | BA27: =$T$6/BA26 -> 0.721875 | BB27: =$T$6/BB26 -> 0.825
K28: P.Unit. | M28: P.Total | O28: Horas | P28: Minut | Q28: P.Unit. | S28: P.Total | U28: P.Unit. | W28: P.Total | Y28: P.Unit. | AA28: P.Total | AC28: Diferencia = Beneficio Bruto | AE28: %
E29: El presente Presupuesto de la empresa Seguridad LASSER, S.A., perteneciente al Grupo LASSER, pretende informar a nuestro posible Cliente del proceso necesario para conseguir la Implantación del Sistema que nos ha sido solicitado, así como la valoración económica del mismo. LASSER verificará que el Proyecto está confeccionado considerando las necesidades del Cliente y Usuario, así como cumpliendo la Normativa Vigente; de tal forma que los trabajos que se citan deberán ejecutarse con el máximo rigor profesional, dentro de la Ley, en orden a conseguir un Sistema en perfecto estado de funcionamiento. | AH29: €/m | AI29: =$T$15/AI26 -> 2.64 | AJ29: =$T$15/AJ26 -> 2.8875 | AK29: =$T$15/AK26 -> 3.9319149 | AL29: =$T$15/AL26 -> 4.4 | AM29: =$T$15/AM26 -> 4.678481 | AN29: =$T$15/AN26 -> 5.1333333 | AP29: =$T$15/AP26 -> 0.47384615 | AQ29: =$T$15/AQ26 -> 0.44 | AR29: =$T$15/AR26 -> 0.54352941 | AS29: =$T$15/AS26 -> 0.5775 | AT29: =$T$15/AT26 -> 0.528 | AU29: =$T$15/AU26 -> 0.63724138 | AV29: =$T$15/AV26 -> 0.4928 | AX29: =$T$15/AX26 -> 0.68444444 | AY29: =$T$15/AY26 -> 0.924 | AZ29: =$T$15/AZ26 -> 0.528 | BA29: =$T$15/BA26 -> 0.5775 | BB29: =$T$15/BB26 -> 0.66
B31: tg | E31: SUMINISTRO E INSTALACIÓN DE MATERIALES DE ELECTRICIDAD | K31: DESCRIPCIÓN DE UNIDADES DE OBRA | AH31: Este segundo cuadro tiene huecos libres. Constrúyelo tu mismo (las celdas ya tienen sus fórmulas)
B32: Primera Linea | K32: Última línea
AH33: MANO DE OBRA DE INSTALACIÓN DE 1 PAREJA DE TÉCNICOS
B34: 1 | F34: 1 | G34: =ROUNDUP(Y34,2) -> 0 | H34: =ROUNDUP(F34*G34,2) -> 0 | K34: 0 | M34: =ROUNDUP(F34*K34,2) -> 0 | O34: 0 | P34: 0 | Q34: =ROUNDUP((O34*$P$15+P34*$T$16),2) -> 0 | S34: =ROUNDUP(F34*Q34,2) -> 0 | U34: =ROUNDUP(K34+Q34,2) -> 0 | W34: =ROUNDUP(F34*U34,2) -> 0 | Y34: =ROUNDUP(K34/$Y$14+Q34/$Y$9,2) -> 0 | AA34: =ROUNDUP(F34*Y34,2) -> 0 | AC34: =ROUNDUP(AA34-W34,2) -> 0 | AE34: =AC34/AA34 -> #DIV/0! | AH34: MANO DE OBRA DE INSTALACIÓN DE 1 PAREJA DE TÉCNICOS
AI35: Rejiband, incluido soportería y accesorios | AM35: Bandeja metálica con tapa, incl. Soport. y accesorios
B36: =B34+1 -> 2 | F36: 1 | G36: =ROUNDUP(Y36,2) -> 0 | H36: =ROUNDUP(F36*G36,2) -> 0 | K36: 0 | M36: =ROUNDUP(F36*K36,2) -> 0 | O36: 0 | P36: 0 | Q36: =ROUNDUP((O36*$P$15+P36*$T$16),2) -> 0 | S36: =ROUNDUP(F36*Q36,2) -> 0 | U36: =ROUNDUP(K36+Q36,2) -> 0 | W36: =ROUNDUP(F36*U36,2) -> 0 | Y36: =ROUNDUP(K36/$Y$14+Q36/$Y$9,2) -> 0 | AA36: =ROUNDUP(F36*Y36,2) -> 0 | AC36: =ROUNDUP(AA36-W36,2) -> 0 | AE36: =AC36/AA36 -> #DIV/0! | AH36: TIPO | AI36: Rejiban 100x60 | AJ36: Rejiban 150x60 | AK36: Rejiban 200x60 | AL36: Rejiban 300x60 | AM36: Bandej 100x60 | AN36: Bandeja 150x60 | AP36: Bandeja 200x60 | AQ36: Bandeja 300x60
AH37: m/día | AI37: 80 | AJ37: 76 | AK37: 68 | AL37: 58 | AM37: 75 | AN37: 69 | AP37: 60 | AQ37: 52 | AR37: 100 | AS37: 120 | AT37: 140 | AU37: 160 | AV37: 180 | AX37: 200 | AY37: 220 | AZ37: 240 | BA37: 260 | BB37: 280
B38: =B36+1 -> 3 | F38: 1 | G38: =ROUNDUP(Y38,2) -> 0 | H38: =ROUNDUP(F38*G38,2) -> 0 | K38: 0 | M38: =ROUNDUP(F38*K38,2) -> 0 | O38: 0 | P38: 0 | Q38: =ROUNDUP((O38*$P$15+P38*$T$16),2) -> 0 | S38: =ROUNDUP(F38*Q38,2) -> 0 | U38: =ROUNDUP(K38+Q38,2) -> 0 | W38: =ROUNDUP(F38*U38,2) -> 0 | Y38: =ROUNDUP(K38/$Y$14+Q38/$Y$9,2) -> 0 | AA38: =ROUNDUP(F38*Y38,2) -> 0 | AC38: =ROUNDUP(AA38-W38,2) -> 0 | AE38: =AC38/AA38 -> #DIV/0! | AH38: min/m. | AI38: =$T$6/AI37 -> 5.775 | AJ38: =$T$6/AJ37 -> 6.0789474 | AK38: =$T$6/AK37 -> 6.7941176 | AL38: =$T$6/AL37 -> 7.9655172 | AM38: =$T$6/AM37 -> 6.16 | AN38: =$T$6/AN37 -> 6.6956522 | AP38: =$T$6/AP37 -> 7.7 | AQ38: =$T$6/AQ37 -> 8.8846154 | AR38: =$T$6/AR37 -> 4.62 | AS38: =$T$6/AS37 -> 3.85 | AT38: =$T$6/AT37 -> 3.3 | AU38: =$T$6/AU37 -> 2.8875 | AV38: =$T$6/AV37 -> 2.5666667 | AX38: =$T$6/AX37 -> 2.31 | AY38: =$T$6/AY37 -> 2.1 | AZ38: =$T$6/AZ37 -> 1.925 | BA38: =$T$6/BA37 -> 1.7769231 | BB38: =$T$6/BB37 -> 1.65
B40: =B38+1 -> 4 | F40: 1 | G40: =ROUNDUP(Y40,2) -> 0 | H40: =ROUNDUP(F40*G40,2) -> 0 | K40: 0 | M40: =ROUNDUP(F40*K40,2) -> 0 | O40: 0 | P40: 0 | Q40: =ROUNDUP((O40*$P$15+P40*$T$16),2) -> 0 | S40: =ROUNDUP(F40*Q40,2) -> 0 | U40: =ROUNDUP(K40+Q40,2) -> 0 | W40: =ROUNDUP(F40*U40,2) -> 0 | Y40: =ROUNDUP(K40/$Y$14+Q40/$Y$9,2) -> 0 | AA40: =ROUNDUP(F40*Y40,2) -> 0 | AC40: =ROUNDUP(AA40-W40,2) -> 0 | AE40: =AC40/AA40 -> #DIV/0! | AH40: €/m | AI40: =$T$15/AI37 -> 4.62 | AJ40: =$T$15/AJ37 -> 4.8631579 | AK40: =$T$15/AK37 -> 5.4352941 | AL40: =$T$15/AL37 -> 6.3724138 | AM40: =$T$15/AM37 -> 4.928 | AN40: =$T$15/AN37 -> 5.3565217 | AP40: =$T$15/AP37 -> 6.16 | AQ40: =$T$15/AQ37 -> 7.1076923 | AR40: =$T$15/AR37 -> 3.696 | AS40: 72 | AT40: =$T$15/AT37 -> 2.64 | AU40: =$T$15/AU37 -> 2.31 | AV40: =$T$15/AV37 -> 2.0533333 | AX40: =$T$15/AX37 -> 1.848 | AY40: =$T$15/AY37 -> 1.68 | AZ40: =$T$15/AZ37 -> 1.54 | BA40: =$T$15/BA37 -> 1.4215385 | BB40: =$T$15/BB37 -> 1.32
B42: =B40+1 -> 5 | F42: 1 | G42: =ROUNDUP(Y42,2) -> 0 | H42: =ROUNDUP(F42*G42,2) -> 0 | K42: 0 | M42: =ROUNDUP(F42*K42,2) -> 0 | O42: 0 | P42: 0 | Q42: =ROUNDUP((O42*$P$15+P42*$T$16),2) -> 0 | S42: =ROUNDUP(F42*Q42,2) -> 0 | U42: =ROUNDUP(K42+Q42,2) -> 0 | W42: =ROUNDUP(F42*U42,2) -> 0 | Y42: =ROUNDUP(K42/$Y$14+Q42/$Y$9,2) -> 0 | AA42: =ROUNDUP(F42*Y42,2) -> 0 | AC42: =ROUNDUP(AA42-W42,2) -> 0 | AE42: =AC42/AA42 -> #DIV/0!
B44: =B42+1 -> 6 | F44: 1 | G44: =ROUNDUP(Y44,2) -> 0 | H44: =ROUNDUP(F44*G44,2) -> 0 | K44: 0 | M44: =ROUNDUP(F44*K44,2) -> 0 | O44: 0 | P44: 0 | Q44: =ROUNDUP((O44*$P$15+P44*$T$16),2) -> 0 | S44: =ROUNDUP(F44*Q44,2) -> 0 | U44: =ROUNDUP(K44+Q44,2) -> 0 | W44: =ROUNDUP(F44*U44,2) -> 0 | Y44: =ROUNDUP(K44/$Y$14+Q44/$Y$9,2) -> 0 | AA44: =ROUNDUP(F44*Y44,2) -> 0 | AC44: =ROUNDUP(AA44-W44,2) -> 0 | AE44: =AC44/AA44 -> #DIV/0!
B46: =B44+1 -> 7 | F46: 1 | G46: =ROUNDUP(Y46,2) -> 0 | H46: =ROUNDUP(F46*G46,2) -> 0 | K46: 0 | M46: =ROUNDUP(F46*K46,2) -> 0 | O46: 0 | P46: 0 | Q46: =ROUNDUP((O46*$P$15+P46*$T$16),2) -> 0 | S46: =ROUNDUP(F46*Q46,2) -> 0 | U46: =ROUNDUP(K46+Q46,2) -> 0 | W46: =ROUNDUP(F46*U46,2) -> 0 | Y46: =ROUNDUP(K46/$Y$14+Q46/$Y$9,2) -> 0 | AA46: =ROUNDUP(F46*Y46,2) -> 0 | AC46: =ROUNDUP(AA46-W46,2) -> 0 | AE46: =AC46/AA46 -> #DIV/0!
B48: =B46+1 -> 8 | F48: 1 | G48: =ROUNDUP(Y48,2) -> 0 | H48: =ROUNDUP(F48*G48,2) -> 0 | K48: 0 | M48: =ROUNDUP(F48*K48,2) -> 0 | O48: 0 | P48: 0 | Q48: =ROUNDUP((O48*$P$15+P48*$T$16),2) -> 0 | S48: =ROUNDUP(F48*Q48,2) -> 0 | U48: =ROUNDUP(K48+Q48,2) -> 0 | W48: =ROUNDUP(F48*U48,2) -> 0 | Y48: =ROUNDUP(K48/$Y$14+Q48/$Y$9,2) -> 0 | AA48: =ROUNDUP(F48*Y48,2) -> 0 | AC48: =ROUNDUP(AA48-W48,2) -> 0 | AE48: =AC48/AA48 -> #DIV/0!
B50: =B48+1 -> 9 | F50: 1 | G50: =ROUNDUP(Y50,2) -> 0 | H50: =ROUNDUP(F50*G50,2) -> 0 | K50: 0 | M50: =ROUNDUP(F50*K50,2) -> 0 | O50: 0 | P50: 0 | Q50: =ROUNDUP((O50*$P$15+P50*$T$16),2) -> 0 | S50: =ROUNDUP(F50*Q50,2) -> 0 | U50: =ROUNDUP(K50+Q50,2) -> 0 | W50: =ROUNDUP(F50*U50,2) -> 0 | Y50: =ROUNDUP(K50/$Y$14+Q50/$Y$9,2) -> 0 | AA50: =ROUNDUP(F50*Y50,2) -> 0 | AC50: =ROUNDUP(AA50-W50,2) -> 0 | AE50: =AC50/AA50 -> #DIV/0!
B52: =B50+1 -> 10 | F52: 1 | G52: =ROUNDUP(Y52,2) -> 0 | H52: =ROUNDUP(F52*G52,2) -> 0 | K52: 0 | M52: =ROUNDUP(F52*K52,2) -> 0 | O52: 0 | P52: 0 | Q52: =ROUNDUP((O52*$P$15+P52*$T$16),2) -> 0 | S52: =ROUNDUP(F52*Q52,2) -> 0 | U52: =ROUNDUP(K52+Q52,2) -> 0 | W52: =ROUNDUP(F52*U52,2) -> 0 | Y52: =ROUNDUP(K52/$Y$14+Q52/$Y$9,2) -> 0 | AA52: =ROUNDUP(F52*Y52,2) -> 0 | AC52: =ROUNDUP(AA52-W52,2) -> 0 | AE52: =AC52/AA52 -> #DIV/0!
B54: =B52+1 -> 11 | F54: 1 | G54: =ROUNDUP(Y54,2) -> 0 | H54: =ROUNDUP(F54*G54,2) -> 0 | K54: 0 | M54: =ROUNDUP(F54*K54,2) -> 0 | O54: 0 | P54: 0 | Q54: =ROUNDUP((O54*$P$15+P54*$T$16),2) -> 0 | S54: =ROUNDUP(F54*Q54,2) -> 0 | U54: =ROUNDUP(K54+Q54,2) -> 0 | W54: =ROUNDUP(F54*U54,2) -> 0 | Y54: =ROUNDUP(K54/$Y$14+Q54/$Y$9,2) -> 0 | AA54: =ROUNDUP(F54*Y54,2) -> 0 | AC54: =ROUNDUP(AA54-W54,2) -> 0 | AE54: =AC54/AA54 -> #DIV/0!
B56: =B54+1 -> 12 | F56: 1 | G56: =ROUNDUP(Y56,2) -> 0 | H56: =ROUNDUP(F56*G56,2) -> 0 | K56: 0 | M56: =ROUNDUP(F56*K56,2) -> 0 | O56: 0 | P56: 0 | Q56: =ROUNDUP((O56*$P$15+P56*$T$16),2) -> 0 | S56: =ROUNDUP(F56*Q56,2) -> 0 | U56: =ROUNDUP(K56+Q56,2) -> 0 | W56: =ROUNDUP(F56*U56,2) -> 0 | Y56: =ROUNDUP(K56/$Y$14+Q56/$Y$9,2) -> 0 | AA56: =ROUNDUP(F56*Y56,2) -> 0 | AC56: =ROUNDUP(AA56-W56,2) -> 0 | AE56: =AC56/AA56 -> #DIV/0!
B58: =B56+1 -> 13 | F58: 1 | G58: =ROUNDUP(Y58,2) -> 0 | H58: =ROUNDUP(F58*G58,2) -> 0 | K58: 0 | M58: =ROUNDUP(F58*K58,2) -> 0 | O58: 0 | P58: 0 | Q58: =ROUNDUP((O58*$P$15+P58*$T$16),2) -> 0 | S58: =ROUNDUP(F58*Q58,2) -> 0 | U58: =ROUNDUP(K58+Q58,2) -> 0 | W58: =ROUNDUP(F58*U58,2) -> 0 | Y58: =ROUNDUP(K58/$Y$14+Q58/$Y$9,2) -> 0 | AA58: =ROUNDUP(F58*Y58,2) -> 0 | AC58: =ROUNDUP(AA58-W58,2) -> 0 | AE58: =AC58/AA58 -> #DIV/0!
B60: =B58+1 -> 14 | F60: 1 | G60: =ROUNDUP(Y60,2) -> 0 | H60: =ROUNDUP(F60*G60,2) -> 0 | K60: 0 | M60: =ROUNDUP(F60*K60,2) -> 0 | O60: 0 | P60: 0 | Q60: =ROUNDUP((O60*$P$15+P60*$T$16),2) -> 0 | S60: =ROUNDUP(F60*Q60,2) -> 0 | U60: =ROUNDUP(K60+Q60,2) -> 0 | W60: =ROUNDUP(F60*U60,2) -> 0 | Y60: =ROUNDUP(K60/$Y$14+Q60/$Y$9,2) -> 0 | AA60: =ROUNDUP(F60*Y60,2) -> 0 | AC60: =ROUNDUP(AA60-W60,2) -> 0 | AE60: =AC60/AA60 -> #DIV/0!
B62: =B60+1 -> 15 | F62: 1 | G62: =ROUNDUP(Y62,2) -> 0 | H62: =ROUNDUP(F62*G62,2) -> 0 | K62: 0 | M62: =ROUNDUP(F62*K62,2) -> 0 | O62: 0 | P62: 0 | Q62: =ROUNDUP((O62*$P$15+P62*$T$16),2) -> 0 | S62: =ROUNDUP(F62*Q62,2) -> 0 | U62: =ROUNDUP(K62+Q62,2) -> 0 | W62: =ROUNDUP(F62*U62,2) -> 0 | Y62: =ROUNDUP(K62/$Y$14+Q62/$Y$9,2) -> 0 | AA62: =ROUNDUP(F62*Y62,2) -> 0 | AC62: =ROUNDUP(AA62-W62,2) -> 0 | AE62: =AC62/AA62 -> #DIV/0!
B64: =B62+1 -> 16 | F64: 1 | G64: =ROUNDUP(Y64,2) -> 0 | H64: =ROUNDUP(F64*G64,2) -> 0 | K64: 0 | M64: =ROUNDUP(F64*K64,2) -> 0 | O64: 0 | P64: 0 | Q64: =ROUNDUP((O64*$P$15+P64*$T$16),2) -> 0 | S64: =ROUNDUP(F64*Q64,2) -> 0 | U64: =ROUNDUP(K64+Q64,2) -> 0 | W64: =ROUNDUP(F64*U64,2) -> 0 | Y64: =ROUNDUP(K64/$Y$14+Q64/$Y$9,2) -> 0 | AA64: =ROUNDUP(F64*Y64,2) -> 0 | AC64: =ROUNDUP(AA64-W64,2) -> 0 | AE64: =AC64/AA64 -> #DIV/0!
... B80: =B78+1 -> 24 | F80: 1 | G80: =ROUNDUP(Y80,2) -> 0 | H80: =ROUNDUP(F80*G80,2) -> 0 | K80: 0 | M80: =ROUNDUP(F80*K80,2) -> 0 | O80: 0 | P80: 0 | Q80: =ROUNDUP((O80*$P$15+P80*$T$16),2) -> 0 | S80: =ROUNDUP(F80*Q80,2) -> 0 | U80: =ROUNDUP(K80+Q80,2) -> 0 | W80: =ROUNDUP(F80*U80,2) -> 0 | Y80: =ROUNDUP(K80/$Y$14+Q80/$Y$9,2) -> 0 | AA80: =ROUNDUP(F80*Y80,2) -> 0 | AC80: =ROUNDUP(AA80-W80,2) -> 0 | AE80: =AC80/AA80 -> #DIV/0!
B82: tr | E82: OBRA CIVIL (O PARTIDA CON DISTINTO % DE BENEFICIO) | K82: 0 | M82: =ROUNDUP(F82*K82,2) -> 0 | O82: 0 | P82: 0 | Q82: =ROUNDUP((O82*$P$15+P82*$T$16),2) -> 0 | S82: =ROUNDUP(F82*Q82,2) -> 0 | U82: =ROUNDUP(K82+Q82,2) -> 0 | W82: =ROUNDUP(F82*U82,2) -> 0 | Y82: =ROUNDUP(K82/$Y$15+Q82/$Y$10,2) -> 0 | AA82: =ROUNDUP(F82*Y82,2) -> 0 | AC82: =ROUNDUP(AA82-W82,2) -> 0 | AE82: =AC82/AA82 -> #DIV/0!
B84: Ultima línea | K84: Última línea
AA85: suma sin p.a.
M86: =M87/AA87 -> #DIV/0! | S86: =S87/AA87 -> #DIV/0! | W86: =W87/AA87 -> #DIV/0! | AA86: =AA87/AA87 -> #DIV/0! | AC86: =AC87/AA87 -> #DIV/0! | AE86: =M86+S86+AC86 -> #DIV/0! | AF86: Bloque de líneas finales con auto-check (sin Opciones)
B87: SUMA TOTAL (IVA NO INCLUIDO) | H87: =SUM(H32:H84) -> 0 | M87: =SUM(M32:N84) -> 0 | P87: =AA88-H87 -> 0 | S87: =SUM(S32:T84) -> 0 | W87: =SUM(W32:X84) -> 0 | Y87: Factor s/Coste | AA87: =SUM(AA32:AB84) -> 0 | AC87: =SUM(AC32:AD84) -> 0 | AE87: =AC87/AA87 -> #DIV/0!
W88: =M87+S87 -> 0 | Y88: =AA87/W87 -> #DIV/0! | AA88: =AC87+W87 -> 0 | AC88: =AA88-W88 -> 0 | AE88: =1-(W87/AA88) -> #DIV/0!
B89: NOTAS AL PRESUPUESTO
B90: =B88+1 -> 1 | D90: Ud | E90: LEGALIZACIÓN DE LA INSTALACIÓN DE : | F90: 1 | G90: =ROUNDUP(Y90,2) -> 0 | H90: =ROUNDUP(F90*G90,2) -> 0 | K90: 0 | M90: =ROUNDUP(F90*K90,2) -> 0 | O90: 0 | P90: 0 | Q90: =ROUNDUP((O90*$P$15+P90*$T$16),2) -> 0 | S90: =ROUNDUP(F90*Q90,2) -> 0 | U90: =ROUNDUP(K90+Q90,2) -> 0 | W90: =ROUNDUP(F90*U90,2) -> 0 | Y90: =ROUNDUP(K90/$Y$14+Q90/$Y$9,2) -> 0 | AA90: =ROUNDUP(F90*Y90,2) -> 0 | AC90: =ROUNDUP(AA90-W90,2) -> 0 | AE90: =1-(W90/AA90) -> #DIV/0!
E91: P.A. Gestiones para conseguir la Completa Legalización con Proyecto Técnico de Instalaciones SSSS, según las modificaciones realizadas en el Sistema de del Edificio; Dirección de obra; Fichas Técnicas de los Equipos y Subsistemas; Acta de Entrega y Recepción de Obra; Tasas de industria; Inspección EICI. Incluido Certificado de Empresa Instaladora, Seguridad LASSER, con Número de Autorización Industria, como Empresa Instaladora y Mantenedora de Sistemas de SSSS.
B92: FIN NOTAS | H92: =H90+H87 -> 0
B94: PARTIDAS NO INCLUIDAS EN LA OFERTA INICIAL
B95: Primera Linea | K95: Última línea
B96: =B93+1 -> 1 | D96: Ud | F96: 1 | G96: =ROUNDUP(Y96,2) -> 0 | H96: =ROUNDUP(F96*G96,2) -> 0 | K96: 0 | M96: =ROUNDUP(F96*K96,2) -> 0 | O96: 0 | P96: 0 | Q96: =ROUNDUP((O96*$P$15+P96*$T$16),2) -> 0 | S96: =ROUNDUP(F96*Q96,2) -> 0 | U96: =ROUNDUP(K96+Q96,2) -> 0 | W96: =ROUNDUP(F96*U96,2) -> 0 | Y96: =ROUNDUP(K96/$Y$14+Q96/$Y$9,2) -> 0 | AA96: =ROUNDUP(F96*Y96,2) -> 0 | AC96: =ROUNDUP(AA96-W96,2) -> 0 | AE96: =1-(W96/AA96) -> #DIV/0!
B98: =B96+1 -> 2 | D98: Ud | F98: 1 | G98: =ROUNDUP(Y98,2) -> 0 | H98: =ROUNDUP(F98*G98,2) -> 0 | K98: 0 | M98: =ROUNDUP(F98*K98,2) -> 0 | O98: 0 | P98: 0 | Q98: =ROUNDUP((O98*$P$15+P98*$T$16),2) -> 0 | S98: =ROUNDUP(F98*Q98,2) -> 0 | U98: =ROUNDUP(K98+Q98,2) -> 0 | W98: =ROUNDUP(F98*U98,2) -> 0 | Y98: =ROUNDUP(K98/$Y$14+Q98/$Y$9,2) -> 0 | AA98: =ROUNDUP(F98*Y98,2) -> 0 | AC98: =ROUNDUP(AA98-W98,2) -> 0 | AE98: =1-(W98/AA98) -> #DIV/0!
B100: =B98+1 -> 3 | D100: Ud | F100: 1 | G100: =ROUNDUP(Y100,2) -> 0 | H100: =ROUNDUP(F100*G100,2) -> 0 | K100: 0 | M100: =ROUNDUP(F100*K100,2) -> 0 | O100: 0 | P100: 0 | Q100: =ROUNDUP((O100*$P$15+P100*$T$16),2) -> 0 | S100: =ROUNDUP(F100*Q100,2) -> 0 | U100: =ROUNDUP(K100+Q100,2) -> 0 | W100: =ROUNDUP(F100*U100,2) -> 0 | Y100: =ROUNDUP(K100/$Y$14+Q100/$Y$9,2) -> 0 | AA100: =ROUNDUP(F100*Y100,2) -> 0 | AC100: =ROUNDUP(AA100-W100,2) -> 0 | AE100: =1-(W100/AA100) -> #DIV/0!
B102: =B100+1 -> 4 | D102: Ud | F102: 1 | G102: =ROUNDUP(Y102,2) -> 0 | H102: =ROUNDUP(F102*G102,2) -> 0 | K102: 0 | M102: =ROUNDUP(F102*K102,2) -> 0 | O102: 0 | P102: 0 | Q102: =ROUNDUP((O102*$P$15+P102*$T$16),2) -> 0 | S102: =ROUNDUP(F102*Q102,2) -> 0 | U102: =ROUNDUP(K102+Q102,2) -> 0 | W102: =ROUNDUP(F102*U102,2) -> 0 | Y102: =ROUNDUP(K102/$Y$14+Q102/$Y$9,2) -> 0 | AA102: =ROUNDUP(F102*Y102,2) -> 0 | AC102: =ROUNDUP(AA102-W102,2) -> 0 | AE102: =1-(W102/AA102) -> #DIV/0!
B104: =B102+1 -> 5 | D104: Ud | F104: 1 | G104: =ROUNDUP(Y104,2) -> 0 | H104: =ROUNDUP(F104*G104,2) -> 0 | K104: 0 | M104: =ROUNDUP(F104*K104,2) -> 0 | O104: 0 | P104: 0 | Q104: =ROUNDUP((O104*$P$15+P104*$T$16),2) -> 0 | S104: =ROUNDUP(F104*Q104,2) -> 0 | U104: =ROUNDUP(K104+Q104,2) -> 0 | W104: =ROUNDUP(F104*U104,2) -> 0 | Y104: =ROUNDUP(K104/$Y$14+Q104/$Y$9,2) -> 0 | AA104: =ROUNDUP(F104*Y104,2) -> 0 | AC104: =ROUNDUP(AA104-W104,2) -> 0 | AE104: =1-(W104/AA104) -> #DIV/0!
B106: =B104+1 -> 6 | D106: Ud | F106: 1 | G106: =ROUNDUP(Y106,2) -> 0 | H106: =ROUNDUP(F106*G106,2) -> 0 | K106: 0 | M106: =ROUNDUP(F106*K106,2) -> 0 | O106: 0 | P106: 0 | Q106: =ROUNDUP((O106*$P$15+P106*$T$16),2) -> 0 | S106: =ROUNDUP(F106*Q106,2) -> 0 | U106: =ROUNDUP(K106+Q106,2) -> 0 | W106: =ROUNDUP(F106*U106,2) -> 0 | Y106: =ROUNDUP(K106/$Y$14+Q106/$Y$9,2) -> 0 | AA106: =ROUNDUP(F106*Y106,2) -> 0 | AC106: =ROUNDUP(AA106-W106,2) -> 0 | AE106: =1-(W106/AA106) -> #DIV/0!
B108: =B106+1 -> 7 | D108: Ud | F108: 1 | G108: =ROUNDUP(Y108,2) -> 0 | H108: =ROUNDUP(F108*G108,2) -> 0 | K108: 0 | M108: =ROUNDUP(F108*K108,2) -> 0 | O108: 0 | P108: 0 | Q108: =ROUNDUP((O108*$P$15+P108*$T$16),2) -> 0 | S108: =ROUNDUP(F108*Q108,2) -> 0 | U108: =ROUNDUP(K108+Q108,2) -> 0 | W108: =ROUNDUP(F108*U108,2) -> 0 | Y108: =ROUNDUP(K108/$Y$14+Q108/$Y$9,2) -> 0 | AA108: =ROUNDUP(F108*Y108,2) -> 0 | AC108: =ROUNDUP(AA108-W108,2) -> 0 | AE108: =1-(W108/AA108) -> #DIV/0!
B110: =B108+1 -> 8 | D110: Ud | F110: 1 | G110: =ROUNDUP(Y110,2) -> 0 | H110: =ROUNDUP(F110*G110,2) -> 0 | K110: 0 | M110: =ROUNDUP(F110*K110,2) -> 0 | O110: 0 | P110: 0 | Q110: =ROUNDUP((O110*$P$15+P110*$T$16),2) -> 0 | S110: =ROUNDUP(F110*Q110,2) -> 0 | U110: =ROUNDUP(K110+Q110,2) -> 0 | W110: =ROUNDUP(F110*U110,2) -> 0 | Y110: =ROUNDUP(K110/$Y$14+Q110/$Y$9,2) -> 0 | AA110: =ROUNDUP(F110*Y110,2) -> 0 | AC110: =ROUNDUP(AA110-W110,2) -> 0 | AE110: =1-(W110/AA110) -> #DIV/0!
B112: Ultima línea | K112: Última línea
B113: SUMA TOTAL PARTIDAS NO INCLUIDAS (IVA NO INCLUIDO) | H113: =SUM(H95:H112) -> 0
M114: =M115/AA115 -> #DIV/0! | S114: =S115/AA115 -> #DIV/0! | W114: =W115/AA115 -> #DIV/0! | AA114: =AA115/AA115 -> #DIV/0! | AC114: =AC115/AA115 -> #DIV/0! | AE114: =M114+S114+AC114 -> #DIV/0! | AF114: Bloque de líneas finales con auto-check (con Opciones)
B115: SUMA TOTAL, INCLUYENDO PARTIDAS NO INCLUIDAS (IVA NO INCLUIDO) | H115: =H92+H113 -> 0 | M115: =SUM(M87:N112) -> 0 | P115: =AA116-H115 -> 0 | S115: =SUM(S87:T112) -> 0 | W115: =SUM(W88:X112) -> 0 | Y115: Factor s/Coste | AA115: =SUM(AA88:AB112) -> 0 | AC115: =SUM(AC88:AD112) -> 0 | AE115: =AC115/AA115 -> #DIV/0!
W116: =M115+S115 -> 0 | Y116: =AA115/W115 -> #DIV/0! | AA116: =AC115+W115 -> 0 | AC116: =AA116-W116 -> 0 | AE116: =1-(W115/AA116) -> #DIV/0!
B117: DESCUENTO ESPECIAL | H117: =AA120 -> 0 | M117: =M118/AA118 -> #DIV/0! | S117: =S118/AA119 -> #DIV/0! | W117: =W118/AA118 -> #DIV/0! | AA117: =AA118/AA118 -> #DIV/0! | AC117: =AC118/AA118 -> #DIV/0! | AE117: =M117+S117+AC117 -> #DIV/0! | AF117: Bloque de líneas finales con auto-check (con Opciones y con Descuentos)
M118: =M115 -> 0 | P118: =AA119-H119 -> 0 | S118: =S115 -> 0 | W118: =W115 -> 0 | Y118: Factor s/Coste | AA118: =AA116+AA120 -> 0 | AC118: =AC116+AA120 -> 0 | AE118: =AC118/AA118 -> #DIV/0!
B119: TOTAL ELECTRICIDAD, SUMADAS LAS OPCIONES E INCLUIDO UN DESCUENTO ESPECIAL (IVA NO INCLUÍDO) | H119: =H115+H117 -> 0 | W119: =M118+S118 -> 0 | Y119: =AA118/W118 -> #DIV/0! | AA119: =AC118+W119 -> 0 | AC119: =AA119-W119 -> 0 | AE119: =AC119/AA119 -> #DIV/0!
AA120: 0
B121: OBSERVACIONES/CONDICIONES QUE FORMAN PARTE DE ESTE PRESUPUESTO
B122: CONDICIONES GENERALES
B123: ◉ | C123: Oferta válida para la aceptación total del presupuesto. Para las modificaciones a este presupuesto o aceptación parcial de alguna de sus partidas se requerirá de una nueva oferta.
B124: ◉ | C124: FORMA DE PAGO: La forma de pago será la habitualmente acordada con Lasser: 25% a la aceptación del presupuesto y el resto a convenir por ambas partes. Si desea estudiar la disponibilidad de otras formas de pago, consulte a su comercial.
B125: ◉ | C125: VALIDEZ DE LA PRESENTE OFERTA: 1 mes.
B126: ◉ | C126: EQUIPOS Y MATERIALES. Los equipos y materiales ofertados tienen una garantía conforme a la legislación vigente. LASSER garantiza las instalaciones (Mano de Obra) durante el plazo de un año. Quedan excluidas de esta garantía los daños intencionados, la manipulación de los equipos, catástrofes naturales y siniestros ajenos a LASSER.
B127: ◉ | C127: AMPLIACIÓN DEL PERIODO DE GARANTÍA. Puede optar a ampliar su periodo de garantía, así como las prestaciones y coberturas utilizando nuestros servicios de mantenimiento durante todo el año, incluyendo fines de semana y festivos para averías de urgencia. Si necesita más información sobre este u otros servicios puede ponerse en contacto con su ASESOR COMERCIAL o bien acceder a la web:https://www.grupolasser.com/
B128: ◉ | C128: Sobre este importe se cargará el IVA correspondiente.
B129: ◉ | C129: Póliza de Responsabilidad Civil número 58-00936651 con AXA por valor de 3.000.000 euros.
B130: ◉ | C130: Lasser dispone de la certificación de calidad UNE-EN ISO 9001:2015 por ADOK.
B131: ◉ | C131: Lasser dispone de todas las acreditaciones exigidas por la legislación vigente en materia de Prevención de Riesgos Laborales (PRL).
B132: ◉ | C132: En caso de que este presupuesto incluya materiales, estos serán propiedad de Lasser hasta que se satisfaga la totalidad de su importe.
B133: ◉ | C133: ANTENAS LASSER S.L., SEGURIDAD LASSER S.A. y LASSER FRIO S.A. son corresponsables del tratamiento de los datos personales proporcionados bajo su consentimiento, le informa que sus datos serán tratados de conformidad con lo dispuesto en el RGPD, con la finalidad de mantener la relación comercial y serán conservados mientras exista un interés mutuo u obligación legal, para mantener el fin del tratamiento, y cuando ya no sea necesario para tal fin se suprimirán con medidas de seguridad adecuadas para garantizar la seudonimización de los datos o la destrucción total de los mismos. No se comunicarán los datos a terceros, salvo por obligación legal.
B134: ◉ | C134: Asimismo, le informamos que puede ejercer los derechos de acceso, rectificación, portabilidad y supresión de sus datos y los de limitación y oposición a su tratamiento dirigiendo comunicación a gdpr@grupolasser.com.
B135: ◉ | C135: La retirada del material será por parte del productor.
B136: CONDICIONES ESPECIALES
C137: Lasser dispone de la habilitación por la D.G. de Industria y la Consejería de industria de Comunidad Autónoma de Madrid con registro nº 200.092 y en Registro de Empresas Acreditadas con nº 12-28-0086286.
C138: El presupuesto incluye:
B139: ◉ | C139: La ejecución y coordinación de la oferta adjunta.
B140: ◉ | C140: Tramitación y alta en los registros de la Policía, cuando así lo requieran los servicios contratados.
B141: ◉ | C141: Documentación Técnica y Certificados de habilitación, contratos, manuales y plano, en todas las instalaciones con carácter de obligado cumplimiento en materia de Seguridad.
...

Sheet CONTRAPORTADA
B7: HOJA DE ACEPTACIÓN DE OFERTA
B11: Nº PRESUPUESTO: | E11: =PRESUPUESTO!G26 -> LX-XXX-23
B13: CLIENTE: | E13: =PRESUPUESTO!E23 -> Nombre del cliente
B15: PROYECTO: | E15: =PRESUPUESTO!E26 -> SUMINISTRO E INSTALACIÓN DE MATERIALES DE ELECTRICIDAD
B17: DIRECCIÓN: | E17: =PRESUPUESTO!E24 -> Dirección del cliente
H21: IMPORTE TOTAL:
C23: CLIENTE | I23: FECHA:
I24: FIRMA / SELLO
C25: NOMBRE
C27: EN CALIDAD DE
C29: CIF/NIF
C31: TELEFONO
C33: DIRECCIÓN
C35: EMAIL
C38: Domiciliación | E38: Transferencia | G38: Pago en efectivo
C40: IBAN
B45: No se permite la distribución o copia parcial de este documento por cualquier medio, ni el uso o comunicación de su contenido, ni tampoco su traducción, microfilmación, almacenamiento o conversión a cualquier tipo de soporte, salvo por escrito de Lasser. La infomración contenida en el presente documento es CONFIDENCIAL, siendo para el uso exclusivo del destinatario especificado en este presupuesto.
A47: FORMA DE PAGO
C50: A CONVENIR
A54: GARANTÍA
C57: 2 años para materiales y 1 años de mano de obra y desplazamiento.

Sheet Hoja4

Sheet Hoja5

Sheet Hoja6

Sheet Hoja7

Sheet Hoja8
